 Dungeon Crawl Stone Soup version 0.23-a0-386-g9c9d49f (webtiles) character file.

51 Firecrotchwizard the Shield-Bearer (level 3, -4/34 HPs)
             Began as a Deep Dwarf Fighter on Oct 28, 2018.
             Slain by a gnoll
             ... wielding a +0 club
              (6 damage)
             ... on level 2 of the Dungeon.
             The game lasted 00:01:40 (1005 turns).

Firecrotchwizard the Shield-Bearer (DDFi)           Turns: 1005, Time: 00:01:40

Health: -4/34      AC:  6    Str: 20    XL:     3   Next: 57%
Magic:  3/3        EV:  7    Int:  8    God:
Gold:   77         SH:  9    Dex: 12    Spells: 2/2 levels left

rFire    . . .     SeeInvis .   a - +0 war axe
rCold    . . .     Gourm    .   c - +0 shield
rNeg     . . .     Faith    .   b - +0 scale mail
rPois    .         Spirit   .   (no helmet)
rElec    .         Reflect  .   (no cloak)
rCorr    .         Harm     .   (no gloves)
MR       .....                  (no boots)
Stlth    ..........             (no amulet)
HPRegen  0.00/turn              (no ring)
MPRegen  0.08/turn              (no ring)

@: non-regenerating
A: damage resistance, heal wounds, sense surroundings 1, no regeneration
a: Heal Wounds


You were on level 2 of the Dungeon.
You were not hungry.

You visited 1 branch of the dungeon, and saw 2 of its levels.

You collected 77 gold pieces.

Inventory:

Hand Weapons
 a - a +0 war axe (weapon)
Armour
 b - a +0 scale mail (worn)
 c - a +0 shield (worn)
Scrolls
 e - a scroll of remove curse {unknown}
Potions
 d - a potion of might
Comestibles
 f - a ration
 g - 4 chunks of flesh {@w0}


   Skills:
 + Level 3.1 Fighting
 + Level 2.9 Axes
 - Level 3.2 Armour
 * Level 4.3 Shields


You had 2 spell levels left.
You didn't know any spells.
Your spell library was empty.

Dungeon Overview and Level Annotations

Branches:
Dungeon (2/15)

Altars:


Innate Abilities, Weirdness & Mutations

You are resistant to damage.
You can heal yourself by infusing magical energy.
You passively map a small area around you.
You do not regenerate.


Message History

You tear a large gash into the net.
A gnoll comes into view. It is wielding a +0 halberd.
The goblin hits you but does no damage.
You shred the net and break free!
The gnoll shouts!
You hear a shout!
You block the kobold's attack.
The gnoll throws a throwing net.
You block the throwing net.
A gnoll comes into view. It is wielding a +0 club.
There is a stone staircase leading up here.
You barely miss the goblin. The goblin hits you but does no damage.
You closely miss the goblin. You block the goblin's attack.
The goblin hits you with a +0 club.
You take 2 damage, and have 26/34 hp.
You closely miss the goblin. You block the goblin's attack.
You hit the goblin. You block the goblin's attack.
Your scale mail prevents you from hitting the goblin.
The goblin hits you but does no damage. You block the goblin's attack.
You closely miss the goblin. The goblin barely misses you.
You barely miss the goblin. The goblin hits you but does no damage.
You closely miss the goblin. The goblin barely misses you.
The goblin hits you with a +0 club.
You barely miss the goblin. The goblin hits you but does no damage.
You hit the goblin.
You kill the goblin!
You slash the kobold!
You kill the kobold!
You hit the gnoll. The gnoll barely misses you.
The gnoll hits you with a +0 whip. You block the gnoll's attack.
The gnoll closely misses you.
You climb upwards.
There is a stone staircase leading down here.
You take 3 damage, and have 23/34 hp.
Your shield prevents you from hitting the gnoll.
You completely miss the gnoll. You block the gnoll's attack.
The gnoll hits you with a +0 club. The gnoll hits you with a +0 whip.
You take 3 damage, and have 20/34 hp.
You hit the gnoll. You completely miss the gnoll.
The gnoll hits you with a +0 club. The gnoll hits you but does no damage.
You hit the gnoll. You slash the gnoll! The gnoll hits you but does no damage.
You block the gnoll's attack.
You hit the gnoll but do no damage. You hit the gnoll.
You kill the gnoll!
The gnoll hits you with a +0 whip. x2
You take 5 damage, and have 15/34 hp.
You slash the gnoll!
You kill the gnoll!
Things that are here:
a +0 whip; a gnoll corpse You butcher the gnoll corpse.
g - 5 chunks of flesh {@w0} (gained 2)
Things that are here:
a +0 whip; a gnoll skeleton You see here a +0 club.
There isn't anything to butcher here.
There is a stone staircase leading down here.
You start waiting.
Some of the chunks of flesh in your inventory have rotted away.
Done waiting.
You fail to use your ability.
You feel much better.
Health restored: 34 You climb downwards.
The gnoll hits you with a +0 halberd!
There is a stone staircase leading up, spattered with blood here.
You take 6 damage, and have 28/34 hp.
You hit the gnoll.
A gnoll comes into view. It is wielding a +0 club.
You block the gnoll's attack.
Your shield and scale mail prevent you from hitting the gnoll.
The gnoll shouts!
The gnoll hits you with a +0 halberd. You block the gnoll's attack.
You take 1 damage, and have 27/34 hp.
You slash the gnoll!
The gnoll throws a throwing net.
The throwing net hits you.
You become entangled in the net!
You struggle against the net.
The gnoll hits you with a +0 halberd.
You take 2 damage, and have 25/34 hp.
Unknown command.
You struggle against the net.
The gnoll hits you but does no damage. The gnoll hits you with a +0 halberd!
You take 14 damage, and have 11/34 hp.
MASSIVE DAMAGE!!
You struggle against the net.
The gnoll hits you with a +0 club.
* * * LOW HITPOINT WARNING * * *
The gnoll hits you with a +0 halberd.
* * * LOW HITPOINT WARNING * * *
You take 2 damage, and have 9/34 hp.
You shred the net and break free! The gnoll hits you with a +0 club.
* * * LOW HITPOINT WARNING * * *
You take 1 damage, and have 8/34 hp.
You closely miss the gnoll. You barely miss the gnoll.
You block the gnoll's attack. The gnoll hits you with a +0 club.
You block the gnoll's attack.
You hit the gnoll. You closely miss the gnoll. The gnoll barely misses you.
The gnoll hits you with a +0 halberd!
* * * LOW HITPOINT WARNING * * *
You take 6 damage, and have 2/34 hp.
You barely miss the gnoll. You completely miss the gnoll.
You block the gnoll's attack. x2; The gnoll hits you with a +0 club!
You die...

###..#.#*
#......##
###........ ,
#........## **
*
####.#(.......
,
#........g.###
#.##.##.###...
*#g##.# ,g *
#@g#.# ,** *
##.#.# ,
#.###.#.# ,
#....รท..# , *
#####.### #.#
* , #.# , ,
#.## ,
##.#.#### ,


You could see 2 gnolls.

Vanquished Creatures
  2 gnolls (D:1)
  2 giant cockroaches (D:1)
  4 goblins
  6 hobgoblins
  5 kobolds
  6 bats (D:1)
  A frilled lizard (D:1)
  2 rats (D:1)
28 creatures vanquished.

Notes
Turn   | Place    | Note
-------+----------+-------------------------------------------
     0 | D:1      | Firecrotchwizard the Deep Dwarf Fighter began the quest for
                  | the Orb.
     0 | D:1      | Reached XP level 1. HP: 20/20 MP: 1/1
   110 | D:1      | Reached XP level 2. HP: 22/27 MP: 2/2
   453 | D:1      | Reached skill level 4 in Shields
   700 | D:1      | Reached skill level 3 in Fighting
   851 | D:2      | Reached XP level 3. HP: 28/34 MP: 3/3
  1002 | D:2      | HP: 8/34 [gnoll/+0 club (1)]
  1004 | D:2      | HP: 2/34 [gnoll/+0 halberd (6)]
  1005 | D:2      | Slain by a gnoll

Vault maps used:
D:1:      dpeg_arrival_round_c
D:2:      lemuel_doored_altar, first_ration, chequers_ecumenical_altar_twisty,
          uniq_natasha

Skill      XL: |  1  2 |
---------------+-------+-----
Shields        | 4 |  4.3
Fighting       | 3 |  3.1
Axes           | |  2.9
Armour         | |  3.2

Action                   || total
-------------------------++-------
Melee: War axe           ||    80
 Abil: Heal Wounds       ||     1
Armor: Scale mail        ||    33
Dodge: Dodged            ||    25
Block: Shield            ||    53

Table legend:
 A = Non-vault XP
 B = Vault XP
 C = Vault XP percentage of total XP
 D = Non-vault monster count
 E = Vault monster count
 F = Vault count percentage of total count
                 A         B        C        D         E       F
            +---------+---------+-------+---------+---------+-------
      Total |      73 |       0 |   0.0 |      28 |       0 |   0.0
            +---------+---------+-------+---------+---------+-------
        D:1 |      67 |       0 |   0.0 |      25 |       0 |   0.0
        D:2 |       6 |       0 |   0.0 |       3 |       0 |   0.0
            +---------+---------+-------+---------+---------+-------

Vault maps used:
D:1:      dpeg_arrival_round_c
D:2:      lemuel_doored_altar, first_ration, chequers_ecumenical_altar_twisty,
          uniq_natasha

Table legend:
 A = Turns spent in this place as a percentage of turns spent in the entire game.
 B = Non-inter-level travel turns spent in this place as a percentage of non-inter-level travel turns spent in the entire game.
 C = Inter-level travel turns spent in this place as a percentage of turns spent in this place.
 D = Turns resting spent in this place as a percentage of non-inter-level travel turns spent in this place.
 E = Turns spent auto-exploring this place as a percentage of non-inter-level travel turns spent in this place.
 F = Non-inter-level travel turns spent in this place divided by the number of levels of this place that you've seen.
                   A       B       C       D       E      F
               +-------+-------+-------+-------+-------+----------------------
         Total | 100.0 | 100.0 |   9.1 |  10.9 |  71.1 | 457.0
       Dungeon | 100.0 | 100.0 |   9.1 |  10.9 |  71.1 | 457.0
               +-------+-------+-------+-------+-------+----------------------

Table legend:
 A = Kills in this place as a percentage of kills in entire the game.
 B = Kills by you in this place as a percentage of kills by you in the entire game.
 C = Kills by friends in this place as a percentage of kills by friends in the entire game.
 D = Other kills in this place as a percentage of other kills in the entire game.
 E = Experience gained in this place as a percentage of experience gained in the entire game.
 F = Experience gained in this place divided by the number of levels of this place that you have seen.
                   A       B       C       D       E      F
               +-------+-------+-------+-------+-------+----------------------
         Total | 100.0 | 100.0 |   N/A |   N/A | 100.0 |  36.5
       Dungeon | 100.0 | 100.0 |   N/A |   N/A | 100.0 |  36.5
               +-------+-------+-------+-------+-------+----------------------
